 Dungeon Crawl Stone Soup version bcrawl-1.19.1 (webtiles) character file.

Game seed: 1530504294574943510

116 Freyura the Shield-Bearer (level 4, -1/28 HPs)
             Began as a Skeleton Fighter on Nov 25, 2019.
             Slain by an ooze (2 damage)
             ... on level 2 of the Dungeon.
             The game lasted 00:06:29 (2432 turns).

Freyura the Shield-Bearer (Skeleton Fighter)        Turns: 2432, Time: 00:06:30

Health: -1/28      AC:  7    Str: 22      XL:     4   Next: 69%
Magic:  0/4        EV:  8    Int:  6 (7)  God:
Gold:   116        SH:  9    Dex:  9      Spells: 3/3 levels left

rFire    . . .     SeeInvis .   a - +0 flail
rCold    + . .     Gourm    .   c - +0 shield
rNeg     + + +     Faith    .   b - +0 scale mail
rPois    ∞         Spirit   +   (no helmet)
rElec    .         Reflect  .   (no cloak)
rCorr    .         Harm     .   (no gloves)
MR       .....                  (no boots)
Stlth    ..........             (no amulet)
HPRegen  0.09/turn              (no ring)
MPRegen  0.09/turn              (no ring)

@: no status effects
A: no food or potions, cold resistance 1, deterioration 1, negative energy
resistance 3, torment resistance, unbreathing, magic shield, sturdy frame 1,
spell healing
a: no special abilities


You were on level 2 of the Dungeon.
You were not hungry.

You visited 1 branch of the dungeon, and saw 2 of its levels.

You collected 116 gold pieces.

Inventory:

Hand Weapons
 a - a +0 flail (weapon)
Armour
 b - a +0 scale mail (worn)
 c - a +0 shield (worn)
Scrolls
 d - a scroll of magic mapping {unknown}
 e - 2 scrolls of identify {unknown}
 f - a scroll of noise {unknown}
 g - 2 scrolls of remove curse {unknown}
 h - a scroll of amnesia {unknown}
 i - a scroll of teleportation {unknown}


   Skills:
 + Level 3.5 Fighting
 * Level 4.0 Maces & Flails
 + Level 3.8 Armour
 + Level 1.5 Dodging
 + Level 4.1 Shields


You had 3 spell levels left.
You didn't know any spells.
Your spell library was empty.

Dungeon Overview and Level Annotations

Branches:
Dungeon (2/12)

Altars:


Innate Abilities, Weirdness & Mutations

You do not eat or drink.
You are immune to poison.
Your flesh is cold resistant. (rC+)
Your body sometimes deteriorates upon taking damage.
You are immune to negative energy. (rN+++)
You are immune to unholy pain and torment.
You can survive without breathing.
When hurt, damage is shared between your health and your magic reserves.
Your movements are slightly less encumbered by armour. (ER -2)
Casting spells heals you.


Message History

a +0 dagger; 3 stones; a kobold skeleton You sock the ooze!
The ooze is almost dead.
The ooze hits you.
* * * LOW HITPOINT WARNING * * *
You hit the ooze.
You kill the ooze!
You sock the ooze!
The ooze is severely wounded.
The ooze hits you but does no damage. You block the ooze's attack.
You sock the ooze!
You kill the ooze!
You hit the ooze.
The ooze is heavily wounded.
The ooze hits you.
* * * LOW HITPOINT WARNING * * *
You hit the ooze.
The ooze is almost dead.
You block the ooze's attack. The ooze hits you.
You die...

#.# #.#.##########...... #.#
#..).........'......
#.##########.##########......
#)#..........)...............
#.#.########.################
#####..........#.#
.(....#.######.#.# ######
.##.....#....#.#.# #####.....
.##.#.###.##.#.#@# #.##......
.##.#...#....#.#J# ##.'.......
.##.#..##....#.#.######..'.......
.##.#........#.#...J.J)..'......#
.##.#####....#.#.....)##.##.....#
.##.#...'....).'.....(######....#
.##.#.###....#.#......# ######
(<# #.#......#.######## .##
#.#.####.#.# ##


You could see an ooze.

Vanquished Creatures
  A jelly (D:2)
  6 oozes (D:2)
  A worm (D:1)
  2 dart slugs (D:1)
  3 leopard geckos (D:1)
  2 giant cockroaches (D:1)
  5 goblins
  6 hobgoblins
  A quokka (D:2)
  3 bats
  4 frilled lizards (D:1)
  14 kobolds
  6 rats
54 creatures vanquished.

Vanquished Creatures (others)
  A fungus (D:2)
  10 toadstools (D:2)
11 creatures vanquished.

Grand Total: 65 creatures vanquished

Notes
Turn   | Place    | Note
-------+----------+-------------------------------------------
     0 | D:1      | Freyura the Skeleton Fighter began the quest for the Orb.
     0 | D:1      | Reached XP level 1. HP: 14/14 MP: 1/1
   389 | D:1      | Reached XP level 2. HP: 18/19 MP: 2/2
   827 | D:1      | Reached XP level 3. HP: 22/23 MP: 3/3
   852 | D:1      | Reached skill level 1 in Dodging
  2384 | D:2      | Reached XP level 4. HP: 23/28 MP: 2/4
  2400 | D:2      | HP: 1/28 [ooze (1)]
  2431 | D:2      | HP: 1/28 [ooze (1)]
  2432 | D:2      | Slain by an ooze

Skill      XL: |  1  2  3  4 |
---------------+-------------+-----
Maces & Flails | 3 4 |  4.0
Dodging        | 1 |  1.5
Shields        | 4 |  4.1
Fighting       | |  3.5
Armour         | |  3.8

Action                   |  1- 3 |  4- 6 || total
-------------------------+-------+-------++-------
Melee: Flail             |   206 |    22 ||   228
Armor: Scale mail        |    77 |     8 ||    85
Dodge: Dodged            |    76 |     3 ||    79
Block: Shield            |   105 |     8 ||   113
